 Dungeon Crawl Stone Soup version 0.31.0-32-g396128a36d (webtiles) character file.

Game seed: 16709236134322024421

161281 DebaczX the Slayer (level 17, 0/138 HPs)
             Began as a White Draconian Gladiator on Apr 6, 2024.
             Was a High Priest of Qazlal.
             Slain by a smoke demon (3 damage)
             ... on level 2 of the Abyss.
             The game lasted 01:13:39 (26020 turns).

DebaczX the Slayer (White Draconian Gladiator)     Turns: 26020, Time: 01:13:39

Health: 0/138      AC: 21    Str: 10    XL:     17   Next: 19%
Magic:  18/26      EV: 21    Int: 11    God:    Qazlal [*****.]
Gold:   2599       SH: 21    Dex: 21    Spells: 18/18 levels left

rFire   + + +        B - +7 long sword of Luni {vamp, rPois Str-2 Int+3 Dex+2}
rCold   . . .        h - +2 kite shield {AC+3}
rNeg    . . .        (body armour unavailable)
rPois   +            b - +1 hat
rElec   .            k - +2 cloak
rCorr   .            A - +0 pair of gloves of Upou {Harm rF+++ rC- Str-3}
SInv    .            (no boots)
Will    +....        H - amulet of Duirha {Regen+ Str+2}
Stlth   +            e - +4 ring of protection
HPRegen 0.00/turn    d - ring of Sowaloh {Wiz Fly rF+ Dex+2 Stlth-}
MPRegen 0.20/turn

%: random rage (9%), harm (+30% outgoing, +20% incoming), repel missiles,
wizardry (x1)
@: short of breath, protected from fire, sick, flying, inhibited regen
A: breathe frost, AC +9, unfitting armour, cold resistance 1, cold-blooded,
poison resistance, [berserk 2], [clumsy 2], [frail 2], [screaming 1], [inhibited
regeneration], [weak 2], [inability to read after injury 2], [persistent drain]
a: Breathe Frost, Renounce Religion, Upheaval, Elemental Force, Disaster Area


You were on level 2 of the Abyss.
You worshipped Qazlal.
Qazlal was extremely pleased with you.
You visited 5 branches of the dungeon, and saw 27 of its levels.
You visited the Abyss 1 time.
You also visited: Sewer, Gauntlet and Volcano.

You collected 3992 gold pieces.
You spent 1393 gold pieces at shops.

Inventory:

Hand Weapons
 l - a +7 scimitar
 B - the +7 long sword of Luni (weapon) {vamp, rPois Str-2 Int+3 Dex+2}
   (You took it off a minotaur in a Gauntlet)

   Str-2:     It affects your strength (-2).
   Int+3:     It affects your intelligence (+3).
   Dex+2:     It affects your dexterity (+2).
   rPois:     It protects you from poison
 N - a +4 scimitar of flaming
Missiles
 c - 5 throwing nets
 C - 7 curare-tipped darts (quivered)
Armour
 b - a +1 hat (worn)
 h - a +2 kite shield of protection (worn)
 k - a +2 cloak (worn)
 A - the +0 pair of gloves of Upou (worn) {Harm rF+++ rC- Str-3}
   (You found it on level 5 of the Dungeon)

   Str-3:     It affects your strength (-3).
   rF+++:     It renders you almost immune to fire.
   rC-:       It makes you vulnerable to cold.
   Harm:      It increases damage dealt and taken.
Jewellery
 d - the ring of Sowaloh (right hand) {Wiz Fly rF+ Dex+2 Stlth-}
   (You bought it in a shop on level 2 of the Orcish Mines)

   [ring of wizardry]

   Wiz:       It improves your spell success rate.
   Dex+2:     It affects your dexterity (+2).
   rF+:       It protects you from fire.
   Fly:       It grants you flight.
   Stlth-:    It makes you less stealthy.
 e - a +4 ring of protection (left hand)
 i - an amulet of reflection
 w - a ring of resist corrosion
 y - a ring of positive energy
 H - the amulet of Duirha (around neck) {Regen+ Str+2}
   (You found it in a Gauntlet)

   [amulet of regeneration]

   Str+2:     It affects your strength (+2).
   Regen+:    It increases your rate of health regeneration.
 Q - a +6 ring of strength
 X - a ring of see invisible
 Y - a ring of poison resistance
Wands
 a - a wand of flame (35)
 r - a wand of mindburst (5)
 s - a wand of charming (31)
 I - a wand of iceblast (18)
 S - a wand of digging (7)
 V - a wand of polymorph (16)
 Z - a wand of acid (13)
Scrolls
 f - 10 scrolls of teleportation
 n - a scroll of blinking
 D - a scroll of fear
 E - 8 scrolls of identify
 F - a scroll of enchant armour
 O - 4 scrolls of revelation
 P - 3 scrolls of fog
 R - a scroll of silence
 U - 2 scrolls of immolation
Potions
 g - 5 potions of attraction
 j - a potion of haste
 m - 2 potions of invisibility
 o - 2 potions of magic
 p - 8 potions of curing
 q - 6 potions of lignification
 t - a potion of heal wounds
 v - 4 potions of berserk rage
 x - 2 potions of might
 z - 5 potions of mutation
 L - 5 potions of enlightenment
 T - a potion of brilliance
 W - a potion of resistance
Miscellaneous
 u - a phantom mirror (inert)
 G - a tin of tremorstones (1/2)
 J - a phial of floods
 K - a lightning rod (4/4)
 M - a sack of spiders (inert)


   Skills:
 + Level 21.1 Fighting
 - Level 14.0 Long Blades
 - Level 1.7 Throwing
 - Level 14.0 Dodging
 * Level 7.1 Shields
 - Level 1.3 Spellcasting
 - Level 1.9 Ice Magic
 + Level 12.2 Invocations
 + Level 8.3 Evocations


You had 18 spell levels left.
You didn't know any spells.
Your spell library contained the following spells:

 Spells                   Type           Power      Damage    Failure   Level
 Freeze                   Ice            16%        1d4       21%         1
 Foxfire                  Conj/Fire      0%         2x1d4     38%         1
 Kiss of Death            Conj/Necr      0%         2d5       38%         1
 Magic Dart               Conj           0%         1d3       38%         1
 Shock                    Conj/Air       0%         1d3       38%         1
 Slow                     Hex            0%         N/A       38%         1
 Sting                    Conj/Alch      0%         1d3       38%         1
 Ensorcelled Hibernation  Hex/Ice        4%         N/A       41%         2
 Frozen Ramparts          Ice            8%         1d2       50%         3
 Ozocubu's Armour         Ice            4%         N/A       50%         3
 Call Imp                 Summ           0%         N/A       52%         2
 Jinxbite                 Hex            0%         N/A       52%         2
 Lesser Beckoning         Tloc           0%         N/A       52%         2
 Mercury Vapours          Alch/Air       0%         N/A       52%         2
 Searing Ray              Conj           0%         2d4       52%         2
 Static Discharge         Conj/Air       0%         3-3/arc   52%         2
 Sublimation of Blood     Necr           0%         N/A       52%         2
 Hailstorm                Conj/Ice       2%         3d5       63%         3
 Confusing Touch          Hex            0%         N/A       75%         3
 Fugue of the Fallen      Necr           0%         N/A       75%         3
 Gell's Gravitas          Tloc           0%         N/A       75%         3
 Inner Flame              Hex/Fire       0%         N/A       75%         3
 Sigil of Binding         Hex            0%         N/A       75%         3
 Stone Arrow              Conj/Erth      0%         3d7       75%         3
 Swiftness                Air            0%         N/A       75%         3
 Teleport Other           Tloc           0%         N/A       75%         3
 Tukima's Dance           Hex            0%         N/A       75%         3
 Vampiric Draining        Necr           0%         2d6       75%         3
 Airstrike                Air            0%         2d(0-16)  98%         4
 Anguish                  Hex/Necr       0%         N/A       98%         4
 Dimensional Bullseye     Hex/Tloc       0%         N/A       98%         4
 Dispel Undead            Necr           0%         3d6       98%         4
 Fulminant Prism          Conj/Alch      0%         3d5       98%         4
 Iskenderun's Mystic Bla  Conj/Tloc      0%         2d3       98%         4
 Leda's Liquefaction      Alch/Erth      0%         N/A       98%         4
 Olgreb's Toxic Radiance  Alch           0%         N/A       98%         4
 Passage of Golubria      Tloc           0%         N/A       98%         4
 Lee's Rapid Deconstruct  Erth           0%         3d4*      100%        5
 Metabolic Englaciation   Hex/Ice        1%         N/A       100%        5
 Silence                  Hex/Air        0%         N/A       100%        5
 Summon Mana Viper        Hex/Summ       0%         N/A       100%        5
 Bombard                  Conj/Erth      0%         9d1       100%        6
 Conjure Ball Lightning   Conj/Air       0%         3x3d6     100%        6
 Dispersal                Tloc           0%         N/A       100%        6
 Sculpt Simulacrum        Ice/Alch       1%         N/A       100%        6
 Summon Hydra             Summ           0%         N/A       100%        7
 Lehudib's Crystal Spear  Conj/Erth      0%         10d2      100%        8
 Maxwell's Capacitive Co  Air            0%         ∞         100%        8


Dungeon Overview and Level Annotations

Branches:
Dungeon (15/15)            Temple (1/1) D:5            Lair (5/5) D:10
  Swamp (4/4) Lair:2       Spider (0/4) Lair:2        Slime (0/5) Lair:4
    Orc (2/2) D:10            Elf (0/3) Orc:2        Vaults (0/5) D:13
 Depths (0/4) D:15          Sewer (visited)         Volcano (visited)
Gauntlet (visited)

Altars:
Ashenzari
Cheibriados
Dithmenos
Elyvilon
Fedhas
Gozag
Hepliaklqana
Kikubaaqudgha
Makhleb
Nemelex Xobeh
Okawaru
Qazlal
Ru
Sif Muna
Trog
Uskayaw
Vehumet
Wu Jian
Xom
Yredelemnul
Zin
The Shining One

Shops:
D:6 (   D:9 =   D:10 ?   Orc:2 :=[*

Annotations:
D:14 3 runed translucent doors, exclusion: obsidian statue, Villent's ghost, journeyman GnFi
Swamp:4 Louise


Innate Abilities, Weirdness & Mutations

You can breathe waves of freezing cold which knock back foes.
Your icy white scales are hard. (AC +9)
You cannot fit into any form of body armour.
Your flesh is cold resistant. (rC+)
You are cold-blooded and may be slowed by cold attacks.
Your system is resistant to poisons. (rPois)
[You have an uncontrollable temper.]
[You are very clumsy. (Dex -4)]
[You are very frail. (-20% HP)]
[You occasionally shout uncontrollably at your foes.]
[You do not regenerate when monsters are visible.]
[You are very weak. (Str -4)]
[You sometimes lose the ability to read scrolls when taking damage.]
[Your health recovers twice as slowly from being drained.]


Message History

You exhale a wave of freezing cold.
The freezing breath hits the wretched star.
The wretched star resists.
The wretched star is moderately damaged.
The wretched star is knocked back by the freezing wind.
The freezing breath hits the wretched star.
The wretched star resists.
The wretched star is heavily damaged.
The wretched star is knocked back by the freezing wind.
The smoke demon gestures at you. The ball of steam misses you.
The wretched star is engulfed in freezing vapours.
The wretched star glows turbulently.
The lance of force misses you.
You closely miss the wretched star.
Your tail-slap misses the wretched star.
The wretched star is heavily damaged.
You slash the wretched star!
Your tail-slap misses the wretched star.
The wretched star is severely damaged.
The wretched star is engulfed in freezing vapours.
The wretched star glows turbulently.
The lance of force is repelled.
The smoke demon hits you but does no damage.
The smoke demon barely misses you. The smoke demon misses you.
You slash the wretched star!
You tail-slap the wretched star, but do no damage.
The wretched star is almost destroyed.
The neqoxec gestures at you. Something gnaws on your mind!
* * * LOW HITPOINT WARNING * * *
You feel your power leaking away.
The wretched star is engulfed in freezing vapours.
You destroy the wretched star!
Qazlal accepts your kill.
The smoke demon hits you but does no damage.
You block the smoke demon's attack. x2
Your protection from fire is fading.
You block the smoke demon's attack. The smoke demon hits you.
You die...

.# ..# # #.#..
### #.. #..#
###..#. .....
###...###.... .
#..§§# #.###..
##..§..##.#
..#.###...§.○☼○##
#..........3@°.#
#..#..#....∩3.###
##........○..#
#.#........#
#..####.#.## #.
##### ##. # #


You could see a smoke demon and a neqoxec.

Vanquished Creatures
  Rupert (D:13)
  A tentacled starspawn (Abyss:2)
  Agnes (D:14)
  2 fenstrider witches
  An orc warlord (D:12)
  A balrug (Abyss:2)
  6 eleionomae
  2 bunyips
  A minotaur (Gauntlet)
  Josephine (D:12)
  3 rakshasas
  2 shambling mangroves (Swamp:3)
  A hell beast (Gauntlet)
  14 hydras
  Harold (D:11)
  3 ogre magi
  A ghost crab (Swamp:3)
  3 centaur warriors
  A death knight (D:12)
  Erica (D:11)
  9 alligators
  A merfolk avatar (Lair:5)
  6 boulder beetles
  A tengu warrior (D:13)
  13 two-headed ogres
  5 death yaks (Lair:5)
  2 orc high priests (Orc:2)
  Sonja (Lair:3)
  4 sun demons (Abyss:2)
  2 wretched stars (Abyss:2)
  A skyshark (Lair:5)
  3 large abominations (Abyss:2)
  5 spriggan druids
  2 goliath frogs
  7 swamp dragons
  Pikel (D:7)
  2 bog bodies
  An orc knight (D:13)
  A lindwurm (Lair:1)
  A necromancer (D:15)
  A wolf spider zombie (D:15)
  A deep elf zephyrmancer (D:15)
  25 ugly things
  3 deep elf pyromancers
  Maurice (Orc:1)
  9 cyclopes
  6 manticores
  3 orc sorcerers (Orc:2)
  19 elephants
  9 will-o-the-wisps
  A wolf spider (D:15)
  A meliai (shapeshifter) (D:12)
  Joseph (D:7)
  A guardian serpent (shapeshifter) (D:15)
  A rust devil (Gauntlet)
  6 black mambas
  An orange demon (Swamp:4)
  10 cane toads
  2 smoke demons
  5 gargoyles
  Jeremiah (D:7)
  7 komodo dragons
  3 rime drakes
  2 unseen horrors
  3 kobold demonologists
  2 efreet
  A freezing wraith (D:15)
  A tormentor (Abyss:2)
  3 tengu conjurers
  2 ice devils (Lair:5)
  10 trolls
  A harpy zombie (D:15)
  A queen bee (shapeshifter) (D:15)
  A wind drake (Lair:5)
  13 tyrant leeches
  3 polar bears
  12 hornets
  A wolf spider simulacrum (D:15)
  17 blink frogs
  2 jumping spiders (Lair:2)
  7 slime creatures (D:12)
  34 yaks
  13 spriggans
  2 shadows
  2 small abominations
  2 ynoxinuls
  A fire bat (Abyss:2)
  A vampire (Abyss:2)
  4 basilisks
  7 wraiths
  6 wyverns
  A redback (Lair:2)
  A neqoxec (Abyss:2)
  3 steam dragons
  3 vampire mosquitoes (Swamp:1)
  2 wargs (Orc:2)
  13 swamp worms
  5 acid dragons
  11 water moccasins
  An ice beast (D:5)
  17 orc warriors
  3 black bears
  4 swamp drakes
  8 laughing skulls
  3 sky beasts
  20 wolves
  9 ogres
  A lemure (D:7)
  4 kobold brigands
  13 centaurs
  A phantom (D:4)
  2 weeping skulls (Abyss:2)
  2 brain worms (Sewer)
  11 bullfrogs
  A gnoll sergeant (D:7)
  A scorpion (D:12)
  10 wights
  20 killer bees
  A howler monkey (D:9)
  2 crimson imps (Gauntlet)
  2 lava snakes (Volcano)
  2 bombardier beetles
  3 jellies
  2 gnoll boudas
  20 orc priests
  7 hounds
  5 iguanas
  2 iron imps (Gauntlet)
  A sleepcap (D:7)
  Natasha (twice) (D:2)
  38 orc wizards
  7 hell rats (Lair:1)
  21 adders
  15 gnolls
  A river rat (Sewer)
  2 white imps
  2 ufetubi (D:6)
  3 dart slugs
  2 ribbon worms
  49 orcs
  8 ball pythons
  3 endoplasms
  A giant cockroach (D:4)
  12 goblins
  12 hobgoblins
  4 jackals (D:2)
  7 quokkas
  8 bats
  4 frilled lizards
  17 kobolds
  3 rats
824 creatures vanquished.

Vanquished Creatures (collateral kills)
  A hydra (D:12)
  A two-headed ogre (D:12)
  A boulder beetle (D:12)
  A skyshark (Lair:4)
  An orc sorcerer (Orc:2)
  2 elephants (Lair:5)
  A cane toad (Lair:4)
  2 komodo dragons (Lair:4)
  2 rime drakes (Lair:5)
  An ancient zyme (Abyss:2)
  A snapping turtle (Lair:5)
  A shadow (D:12)
  3 yaks (Lair:4)
  A wraith (D:12)
  A wyvern (Lair:5)
  A basilisk (Lair:5)
  A redback (Lair:2)
  A water moccasin (Lair:4)
  A wolf (Lair:2)
  A bullfrog (Lair:4)
  2 orc priests (Orc:2)
  An orc wizard (Orc:2)
28 creatures vanquished.

Vanquished Creatures (others)
  An occultist (D:15)
  A deep elf pyromancer (D:12)
  A manticore (D:12)
  An elephant (Lair:5)
  A cane toad (Lair:3)
  2 bloated husks
  A howler monkey (D:12)
  2 orc wizards (Orc:2)
  36 foxfires
  A lurking horror (Abyss:2)
  2 starspawn tentacles (Abyss:2)
49 creatures vanquished.

Grand Total: 901 creatures vanquished

Notes
Turn   | Place    | Note
-------+----------+-------------------------------------------
     0 | D:1      | DebaczX the Draconian Gladiator began the quest for the
                  | Orb.
     0 | D:1      | Reached XP level 1. HP: 17/17 MP: 1/1
   190 | D:1      | Reached XP level 2. HP: 25/25 MP: 2/2
   809 | D:2      | Identified the +1 robe of the Depths {Harm rPois rCorr
                  | Dex+4}
   939 | D:2      | Reached XP level 3. HP: 30/30 MP: 3/3
  1151 | D:2      | Reached skill level 3 in Fighting
  1201 | D:2      | Noticed Natasha
  1213 | D:2      | Killed Natasha
  1214 | D:2      | Reached XP level 4. HP: 30/38 MP: 4/4
  1564 | D:2      | Noticed Natasha
  1570 | D:2      | Killed Natasha
  1833 | D:3      | Reached skill level 5 in Long Blades
  1833 | D:3      | Reached XP level 5. HP: 36/46 MP: 5/5
  1907 | D:3      | Reached skill level 4 in Fighting
  2043 | D:3      | Found a bloodstained altar of Trog.
  2211 | D:3      | Reached XP level 6. HP: 28/53 MP: 6/6
  2771 | D:4      | Reached skill level 5 in Fighting
  2998 | D:4      | Found a glowing drain.
  3015 | D:4      | Your scales start taking on an icy white colour.
  3015 | D:4      | Reached XP level 7. HP: 52/61 MP: 7/7
  3015 | D:4      | Gained mutation: Your flesh is cold resistant. (rC+) [White
                  | Draconian growth]
  3024 | Sewer    | Entered a sewer
  3476 | D:4      | Identified the +7 rapier of the Unspeakable One {freeze,
                  | rF+ rC- Will+}
  3578 | D:4      | Reached skill level 1 in Ice Magic
  4031 | D:5      | Entered Level 5 of the Dungeon
  4062 | D:5      | Reached skill level 1 in Spellcasting
  4085 | D:5      | Got the Vellum of Charms and Locality
  4103 | D:5      | Reached skill level 6 in Fighting
  4103 | D:5      | Reached XP level 8. HP: 70/70 MP: 9/9
  4114 | D:5      | Found a hide-covered altar of Uskayaw.
  4147 | D:5      | Found a staircase to the Ecumenical Temple.
  4165 | Temple   | Entered the Ecumenical Temple
  4173 | Temple   | Became a worshipper of Qazlal Stormbringer
  4473 | D:5      | Reached skill level 1 in Invocations
  4737 | D:5      | Found a broken altar of Ashenzari.
  4744 | D:5      | Found a glowing golden altar of the Shining One.
  4747 | D:5      | Found a sacrificial altar of Ru.
  4766 | D:5      | Found a burning altar of Makhleb.
  4866 | D:5      | Found a radiant altar of Vehumet.
  4992 | D:5      | Identified the +0 pair of gloves of Upou {Harm rF+++ rC-
                  | Str-3}
  5044 | D:5      | Reached skill level 9 in Fighting
  5044 | D:5      | Reached XP level 9. HP: 84/84 MP: 10/14
  5619 | D:6      | Found Nonuul's Antique Weapon Emporium.
  5651 | D:6      | Found an ornate altar of the Wu Jian Council.
  6165 | D:7      | Noticed Jeremiah
  6192 | D:7      | Killed Jeremiah
  6193 | D:7      | Reached XP level 10. HP: 31/89 MP: 15/15
  6395 | D:7      | Reached skill level 1 in Shields
  6432 | D:7      | Noticed Joseph
  6443 | D:7      | Killed Joseph
  6541 | D:7      | Reached * piety under Qazlal
  7090 | D:7      | Noticed Pikel
  7099 | D:7      | Killed Pikel
  7100 | D:7      | Reached skill level 10 in Fighting
  7141 | D:7      | Found a shimmering blue altar of Sif Muna.
  7545 | D:8      | Identified the +1 short sword of Tazaum {freeze, Will+}
  8542 | D:9      | Reached ** piety under Qazlal
  9159 | D:9      | Found Houmef's Jewellery Emporium.
  9185 | D:9      | Noticed a two-headed ogre
  9198 | D:9      | Killed a two-headed ogre
  9199 | D:9      | Reached XP level 11. HP: 85/101 MP: 11/16
  9452 | D:10     | Entered Level 10 of the Dungeon
  9484 | D:10     | Found Allyne's Magic Scroll Shoppe.
  9494 | D:10     | Found a staircase to the Orcish Mines.
  9495 | D:10     | Bought a scroll of enchant weapon for 105 gold pieces
  9495 | D:10     | Bought a scroll of enchant weapon for 105 gold pieces
  9587 | D:10     | Found a staircase to the Lair.
  9587 | D:10     | Noticed a two-headed ogre
  9615 | D:10     | Killed a two-headed ogre
  9710 | D:10     | Reached skill level 11 in Fighting
  9972 | D:10     | Found a shimmering altar of Xom.
 10194 | D:10     | Reached skill level 5 in Shields
 10343 | D:10     | Found a shadowy altar of Dithmenos.
 10380 | D:10     | Found a basalt altar of Yredelemnul.
 10709 | D:11     | Noticed Harold
 10716 | D:11     | Killed Harold
 11036 | D:11     | Reached skill level 12 in Fighting
 11055 | D:11     | Noticed a soul eater
 11059 | D:11     | Reached *** piety under Qazlal
 11275 | Lair:1   | Entered Level 1 of the Lair of Beasts
 11358 | Lair:1   | Reached skill level 13 in Fighting
 11381 | Lair:1   | Noticed a lindwurm
 11382 | Lair:1   | Found a dark tunnel.
 11390 | Volcano  | Entered a volcano
 11447 | Lair:1   | Killed a lindwurm
 11798 | Lair:1   | Found a gate leading to a gauntlet.
 11810 | Gauntlet | Entered a Gauntlet
 11810 | Gauntlet | Found a transporter.
 11810 | Gauntlet | Found a transporter.
 11811 | Gauntlet | Noticed a soul eater
 11824 | Gauntlet | Found a transporter.
 11839 | Gauntlet | Found a transporter.
 11841 | Gauntlet | Found a transporter.
 11850 | Gauntlet | Found a transporter.
 11852 | Gauntlet | Found a transporter.
 11854 | Gauntlet | Noticed a white ugly thing
 11857 | Gauntlet | Noticed a purple ugly thing
 11860 | Gauntlet | Noticed a great orb of eyes
 11862 | Gauntlet | Found a transporter.
 11880 | Gauntlet | Found a transporter.
 11886 | Gauntlet | Noticed a hell beast
 11898 | Gauntlet | Found a transporter.
 11902 | Gauntlet | Found a transporter.
 11912 | Gauntlet | Found a transporter.
 12093 | Gauntlet | Reached XP level 12. HP: 115/115 MP: 17/17
 12122 | Gauntlet | Killed a hell beast
 12135 | Gauntlet | Identified the amulet of Duirha {Regen+ Str+2}
 12251 | Gauntlet | Identified the +7 long sword of Luni {vamp, rPois Str-2
                  | Int+3 Dex+2}
 12251 | Gauntlet | Noticed a minotaur
 12258 | Gauntlet | Killed a minotaur
 12259 | Gauntlet | Reached skill level 14 in Fighting
 12266 | Gauntlet | Got the Compilation of Malisons and Bones
 12886 | Lair:2   | Noticed a boulder beetle
 12889 | Lair:2   | Reached **** piety under Qazlal
 12905 | Lair:2   | Killed a boulder beetle
 12962 | Lair:2   | Reached skill level 5 in Dodging
 13006 | Lair:2   | Reached skill level 15 in Fighting
 13099 | Lair:2   | Found a staircase to the Swamp.
 13171 | Lair:2   | Found a hole to the Spider Nest.
 13809 | Lair:3   | Noticed Sonja
 13834 | Lair:3   | Killed Sonja
 13839 | Lair:3   | Reached XP level 13. HP: 99/127 MP: 18/18
 13996 | Lair:3   | Found a sparkling altar of Nemelex Xobeh.
 14437 | Lair:3   | Reached skill level 16 in Fighting
 15080 | Lair:4   | Got the Anthology of Vapour
 15175 | Lair:4   | Found a staircase to the Slime Pits.
 15512 | Lair:5   | Entered Level 5 of the Lair of Beasts
 15566 | Lair:5   | Reached skill level 10 in Invocations
 15875 | Lair:5   | Found a frozen archway.
 15886 | Lair:5   | Reached ***** piety under Qazlal
 15893 | Lair:5   | Reached XP level 14. HP: 90/138 MP: 21/21
 16033 | Lair:5   | Reached skill level 17 in Fighting
 16679 | D:11     | Noticed Erica
 16689 | D:11     | Killed Erica
 16944 | D:11     | Reached skill level 10 in Dodging
 17488 | D:12     | Reached skill level 18 in Fighting
 17711 | D:12     | Noticed Josephine
 17735 | D:12     | Noticed an orc warlord
 17769 | D:12     | Killed an orc warlord
 17786 | D:12     | Killed Josephine
 17905 | D:12     | Got the Information on Battle Magic
 18019 | D:12     | Identified the +8 flail of Friendship {heavy, rElec SInv
                  | Stlth-}
 18032 | D:12     | Reached skill level 1 in Evocations
 18032 | D:12     | Reached XP level 15. HP: 95/146 MP: 22/22
 18324 | D:12     | Found a bloodstained altar of Trog.
 19143 | D:13     | Noticed Rupert
 19156 | D:13     | Killed Rupert
 19157 | D:13     | Reached skill level 19 in Fighting
 19207 | D:13     | Found a gate to the Vaults.
 19424 | D:14     | Noticed Agnes
 19439 | D:14     | Killed Agnes
 19587 | D:14     | Found a runed translucent gate.
 19588 | D:14     | Found a runed translucent gate.
 19589 | D:14     | Found a runed translucent gate.
 19590 | D:14     | Found an opulent altar of Gozag.
 19591 | D:14     | Noticed a fire giant
 19595 | D:14     | Noticed Villent's ghost (journeyman GnFi)
 19662 | D:14     | Found a broken altar of Ashenzari.
 19850 | D:14     | Identified the +0 ring mail of Awe {rF+ rN++ Int-4}
 20202 | D:15     | Entered Level 15 of the Dungeon
 20227 | D:15     | Reached skill level 5 in Evocations
 20815 | D:15     | Found a glowing silver altar of Zin.
 20951 | D:15     | Reached skill level 20 in Fighting
 21062 | D:15     | Found a staircase to the Depths.
 21636 | Swamp:1  | Entered Level 1 of the Swamp
 21676 | Swamp:1  | Reached XP level 16. HP: 160/162 MP: 23/23
 22661 | Swamp:2  | Reached ****** piety under Qazlal
 23697 | Swamp:4  | Entered Level 4 of the Swamp
 23717 | Swamp:3  | HP: 5/165 [alligator (28)]
 24269 | Orc:1    | Entered Level 1 of the Orcish Mines
 24351 | Orc:1    | Noticed Maurice
 24367 | Orc:1    | Killed Maurice
 24383 | Orc:1    | You are sucked into a shaft and drop 1 floor!
 24383 | Orc:2    | Entered Level 2 of the Orcish Mines
 24526 | Orc:2    | Found a staircase to the Elven Halls.
 25123 | Orc:2    | Found Cuenucw's Book Shop.
 25123 | Orc:2    | Found Inewo's Jewellery Shop.
 25124 | Orc:2    | Found Ygep Vitie's General Store.
 25128 | Orc:2    | Found Raza's Armour Boutique.
 25132 | Orc:2    | Bought the ring of Sowaloh {Wiz Fly rF+ Dex+2 Stlth-} for
                  | 684 gold pieces
 25154 | Orc:2    | Bought a wand of acid (7) for 382 gold pieces
 25154 | Orc:2    | Bought a potion of heal wounds for 65 gold pieces
 25154 | Orc:2    | Bought a potion of might for 52 gold pieces
 25716 | Swamp:4  | Reached XP level 17. HP: 93/172 MP: 25/25
 25720 | Swamp:4  | Noticed Louise
 25723 | Swamp:4  | Reached skill level 21 in Fighting
 25728 | Abyss:2  | Cast into level 2 of the Abyss (Louise)
 25733 | Abyss:2  | Found a corrupted altar of Lugonu.
 25734 | Abyss:2  | Found a corrupted altar of Lugonu.
 25785 | Abyss:2  | Found a corrupted altar of Lugonu.
 25788 | Abyss:2  | Gained mutation: Your system is resistant to poisons.
                  | (rPois) [a neqoxec]
 26019 | Abyss:2  | HP: 3/138 [neqoxec/psychic fangs (6)]
 26020 | Abyss:2  | Slain by a smoke demon

Illustrated notes

Levels and vault maps discovered:
D:1:      nzn_arrival_depleted_hourglass, layout_loops_ring
D:2:      layout_loops_ring, roderic_roman_lattice, uniq_natasha
D:3:      layout_loops_ring, mainiacjoe_overflow_alcove_4, feat_on_display
D:4:      nicolae_cairo_tiling_large, layout_basic, cheibrodos_sewer_entry_drain
D:5:      layout_basic, fiery_altar_vehumet, mainiacjoe_overflow_boulevard,
          grunt_temple_overflow_cloverleaf, minmay_temple_entry_tees,
          minmay_fractal_squares_diagonal_5
D:6:      layout_loops_ring, mainiacjoe_overflow_cross_hatched, serial_shops,
          shop
D:7:      layout_layer_cave, nicolae_sif_muna_little_library, uniq_joseph,
          uniq_pikel, uniq_jeremiah
D:8:      layout_basic
D:9:      layout_irregular_city, serial_shops, nicolae_shop_peninsula
D:10:     layout_basic, xom_teletrap_fun, grunt_dithmenos_smoke_and_mirrors,
          mainiacjoe_overflow_alcove_2, minmay_lair_entry_grove, orc_0_dummy,
          serial_shops, nicolae_shop_tiny_statue_garden
D:11:     layout_stronghold, minmay_gold_behind_fungi, uniq_harold, uniq_erica
D:12:     minmay_the_grid_square_5x5_5x5 [minmay_the_grid_square_5x5_one_wall,
          minmay_the_grid_square_5x5_six, minmay_the_grid_square_5x5_gyroscope,
          minmay_the_grid_square_5x5_two_small, minmay_the_grid_square_5x5_two,
          minmay_the_grid_square_5x5_fat_x,
          minmay_the_grid_square_5x5_prize_monsterx,
          minmay_the_grid_square_5x5_tri_point,
          minmay_the_grid_square_5x5_prize_itemx,
          minmay_the_grid_square_5x5_longway,
          minmay_the_grid_square_5x5_hollow_slash,
          minmay_the_grid_square_5x5_trominoes,
          minmay_the_grid_square_5x5_prize_gold,
          minmay_the_grid_square_5x5_fancy_junction,
          minmay_the_grid_square_5x5_tetrominoes,
          minmay_the_grid_square_5x5_slash,
          minmay_the_grid_square_5x5_prize_open, minmay_the_grid_square_5x5_z,
          minmay_the_grid_square_5x5_prize_pseudospiral,
          minmay_the_grid_square_5x5_c, minmay_the_grid_square_5x5_beaten_path,
          minmay_the_grid_square_5x5_bite, minmay_the_grid_square_5x5_shrine1,
          minmay_the_grid_square_5x5_minimal, minmay_the_grid_square_5x5_inset],
          layout_rooms, nicolae_zen_rock_garden, trog_butcher_becter,
          uniq_josephine
D:13:     cheibrodos_orc_bank, layout_long_grid,
          hellmonk_vaults_attempted_burglary, uniq_rupert
D:14:     layout_irregular_city, ashenzari_conservatory_becter,
          ebering_ghost_gozag, uniq_agnes
D:15:     grunt_enter_depths_magical_seal, layout_stronghold, basic_altar
Temple:   hellmonk_temple_micro_hex
Lair:1:   layout_cave_pods, gauntlet_entry_generic,
          nicolae_volcano_entry_vermiform
Lair:2:   layout_loops_ring, swamp_mist, spider_nest_entry_a,
          chequers_serial_rivers_micro_a
Lair:3:   layout_regular_city, lemuel_centaur_altar, grunt_megastairs_2,
          uniq_sonja
Lair:4:   layout_regular_city, slime_entry_1
Lair:5:   gammafunk_lair_ancient_temple, layout_regular_city,
          portal_ice_cave_demonic_guard, guppyfry_lair_drakes
Swamp:1:  layout_basic_swamp, evilmike_swamp_ruin_house_3, swamp_pool_3,
          nicolae_swamp_wisp_ring_woods, nicolae_swamp_decorative_isthmus
Swamp:2:  layout_basic_swamp, evilmike_swamp_ruin_house_4
Swamp:3:  layout_falls_marsh, evilmike_swamp_ruin_rubble_1, swamp_pool_4
Swamp:4:  swamp_vile, layout_basic_swamp, swamp_pool_4, uniq_louise
Orc:1:    layout_caves, basic_altar, uniq_maurice
Orc:2:    st_orc_mages, layout_caves
Abyss:2:  base: Lair:1, evilmike_abyss_exit_glass

Skill      XL: |  1  2  3  4  5  6  7  8  9 10 11 12 13 14 15 16 17 |
---------------+----------------------------------------------------+-----
Fighting       | 3 4 5 6 9 10 13 15 16 18 20 21 | 21.1
Long Blades    | 4 5 6 7 12 13 14 | 14.0
Ice Magic      | 1 |  1.9
Spellcasting   | 1 |  1.3
Invocations    | 6 7 10 11 12 | 12.2
Shields        | 3 5 6 7 |  7.1
Dodging        | 6 8 11 13 14 | 14.0
Evocations     | 1 5 7 8 |  8.3
Throwing       | |  1.7

Action                     |  1- 3 |  4- 6 |  7- 9 | 10-12 | 13-15 | 16-18 || total
---------------------------+-------+-------+-------+-------+-------+-------++-------
  Melee: Long sword        |    83 |   174 |   142 |   356 |  1143 |   284 ||  2182
         Tailslap          |     6 |    29 |    37 |   110 |   264 |   116 ||   562
         Punch             |     1 |     2 |     2 |       |       |       ||     5
         Rapier            |       |       |    96 |       |       |       ||    96
         Scimitar          |       |       |       |   281 |    11 |   313 ||   605
  Throw: Throwing net      |       |     2 |       |     4 |       |       ||     6
         Dart              |       |       |       |       |     4 |       ||     4
 Invoke: Upheaval          |       |       |       |     2 |     3 |       ||     5
         Elemental Force   |       |       |       |     2 |     6 |     2 ||    10
         Disaster Area     |       |       |       |       |     1 |     4 ||     5
Ability: Breathe Frost     |       |       |     7 |     7 |     4 |     5 ||    23
  Evoke: Tin of tremorston |       |       |       |       |     1 |     2 ||     3
         Sack of spiders   |       |       |       |       |       |     1 ||     1
         Phantom mirror    |       |       |       |       |       |     1 ||     1
    Use: Scroll            |     2 |     2 |    15 |    11 |    10 |     2 ||    42
         Potion            |       |     1 |     1 |     1 |     2 |     5 ||    10
   Stab: Sleeping          |     1 |     2 |     2 |       |       |       ||     5
         Held in net/web   |       |       |       |     1 |       |       ||     1
         Paralysed         |       |       |       |     1 |     1 |     1 ||     3
         Distracted        |       |       |       |       |     1 |     1 ||     2
 Armour: Skin              |    53 |   129 |   140 |   338 |   511 |   306 ||  1477
  Dodge: Dodged            |    78 |   102 |   153 |   254 |   663 |   347 ||  1597
         Repelled          |       |       |       |       |    10 |    16 ||    26
  Block: Other             |       |    33 |    44 |       |       |       ||    77
         Reflection        |       |     1 |       |    12 |       |       ||    13
         Buckler           |       |       |     2 |   395 |   717 |   225 ||  1339
         Kite shield       |       |       |       |       |       |   234 ||   234
